 Dungeon Crawl Stone Soup version 0.20.1-1-g8b1a95d (webtiles) character file.

38 lysyklops the Digger (level 3, -1/19 HPs)
             Began as a Deep Elf Earth Elementalist on Nov 19, 2017.
             Slain by an adder (4 damage)
             ... on level 2 of the Dungeon.
             The game lasted 00:06:19 (1626 turns).

lysyklops the Digger (Deep Elf Earth Elementalist)  Turns: 1626, Time: 00:06:20

Health: -1/19      AC:  5    Str:  5    XL:     3   Next: 25%
Magic:  9/9        EV: 13    Int: 20    God:
Gold:   126        SH:  0    Dex: 15    Spells: 2/8 levels left

rFire    . . .     SeeInvis .   (no weapon)
rCold    . . .     Gourm    .   (no shield)
rNeg     . . .     Faith    .   c - +0 robe
rPois    .         Spirit   .   (no helmet)
rElec    .         Reflect  .   (no cloak)
rCorr    .         Harm     .   (no gloves)
MR       .....                  f - +2 pair of boots
Stlth    ++........             (no amulet)
Regen    0.1/turn               (no ring)
MPRegen  0.2/turn               (no ring)

@: lethally poisoned (-1 -> -10)
A: no striking features
a: no special abilities


You were on level 2 of the Dungeon.
You were hungry.

You visited 1 branch of the dungeon, and saw 2 of its levels.

You collected 126 gold pieces.

Inventory:

Missiles
 b - 135 stones (quivered)
Armour
 c - a +0 robe (worn)
 f - a +2 pair of boots (worn)
Scrolls
 k - a scroll of amnesia {unknown}
 l - a scroll of identify {unknown}
 m - a scroll of noise {unknown}
Potions
 a - a potion of resistance {unknown}
 h - a potion of lignification {unknown}
 i - a potion of curing {unknown}
 j - a potion of degeneration {unknown}
 o - 2 potions of flight {unknown}
Books
 e - a book of Geomancy

   Spells                             Type                      Level
   a - Sandblast                      Earth                        1
   b - Passwall                       Transmutation/Earth          2
   c - Stone Arrow                    Conjuration/Earth            3
   d - Petrify                        Transmutation/Earth          4
   e - Lee's Rapid Deconstruction     Earth                        5
Comestibles
 d - 3 bread rations
 g - a royal jelly
 n - a meat ration


   Skills:
 + Level 2.5 Dodging
 + Level 2.8 Stealth
 + Level 3.3 Spellcasting
 + Level 1.1 Transmutations
 + Level 4.4 Earth Magic


You had 2 spell levels left.
You knew the following spells:

 Your Spells              Type           Power        Failure   Level  Hunger
a - Sandblast             Erth           ###...       2%          1    None
b - Passwall              Tmut/Erth      ##........   7%          2    ##.....
c - Stone Arrow           Conj/Erth      ##....       17%         3    ###....


Dungeon Overview and Level Annotations

Branches:
Dungeon (2/15)

Altars:


Message History

The adder closely misses you. The adder barely misses you. The adder bites you.
The adder closely misses you. The adder barely misses you.
The adder closely misses you. The adder completely misses you.
The adder closely misses you. The adder bites you but does no damage.
The adder bites you. The adder bites you but does no damage.
The adder barely misses you. The adder bites you.
You are poisoned.
The adder poisons you!
You feel sick. The adder closely misses you. The adder bites you.
The adder closely misses you. The adder misses you. The adder bites you. x2
* * * LOW HITPOINT WARNING * * *
You are more poisoned.
The adder poisons you!
* * * LOW HITPOINT WARNING * * *
You feel sick. The adder barely misses you. The adder misses you.
* * * LOW HITPOINT WARNING * * *
You feel sick. The adder bites you.
You die...

####.#
########.....#
#########.<....@S#
#..............S.#
#.#######.##.###.#
#.# #.##.# ... #.#
#.##.# #.... #.#
#.##.# ..... #.#
#.##.# ##### #.#
#.##.# #.# ... .#


You could see 2 adders.

Vanquished Creatures
  An adder (D:1)
  A worm (D:2)
  2 dart slugs (D:1)
  5 goblins
  2 hobgoblins
  2 kobolds (D:1)
  A ball python (D:2)
  4 bats
  2 frilled lizards
  4 rats
24 creatures vanquished.

Vanquished Creatures (others)
  11 toadstools (D:2)
11 creatures vanquished.

Grand Total: 35 creatures vanquished

Notes
Turn   | Place    | Note
-------+----------+-------------------------------------------
     0 | D:1      | lysyklops the Deep Elf Earth Elementalist began the quest for the Orb.
     0 | D:1      | Reached XP level 1. HP: 10/10 MP: 6/6
     0 | D:1      | Noticed an ice dragon
     0 | D:1      | Noticed a red draconian
     1 | D:1      | Noticed an iron dragon
     3 | D:1      | Noticed a large abomination
     6 | D:1      | Noticed an ice dragon
     7 | D:1      | Noticed a shadow dragon
    10 | D:1      | Noticed an ice dragon
    10 | D:1      | Noticed a green draconian
    12 | D:1      | Noticed a tentacled monstrosity
    12 | D:1      | Noticed a shadow dragon
    14 | D:1      | Noticed an ice dragon
    14 | D:1      | Noticed a shadow dragon
    16 | D:1      | Noticed an iron dragon
    16 | D:1      | Noticed a large abomination
    16 | D:1      | Noticed a white draconian
    18 | D:1      | Noticed an orb of fire
    20 | D:1      | Noticed an ice dragon
   145 | D:1      | Reached skill level 4 in Earth Magic
   145 | D:1      | Reached XP level 2. HP: 15/15 MP: 4/8
   151 | D:1      | Learned a level 2 spell: Passwall
   835 | D:2      | Reached XP level 3. HP: 19/19 MP: 7/9
   849 | D:2      | Learned a level 3 spell: Stone Arrow
  1626 | D:2      | Slain by an adder

Skill      XL: |  1 |
---------------+----+-----
Earth Magic    | 4 |  4.4
Dodging        | |  2.5
Stealth        | |  2.8
Spellcasting   | |  3.3
Transmutations | |  1.1

Action                   || total
-------------------------++-------
Melee: Unarmed           ||     6
 Cast: Sandblast         ||    26
       Stone Arrow       ||     5
  Eat: Chunk             ||     2
Armor: Robe              ||    10
Dodge: Dodged            ||    32
